 Dungeon Crawl Stone Soup version 0.30.0-30-g96aa6591b8 (webtiles) character file.

Game seed: 2645136764094477340

133 monsoonserge the Sneak (level 5, -4/29 HPs)
             Began as a Kobold Enchanter on June 30, 2023.
             Slain by a gnoll
             ... wielding a +1 whip of electrocution
              (7 damage)
             ... on level 2 of the Dungeon.
             The game lasted 00:05:18 (1838 turns).

monsoonserge the Sneak (Kobold Enchanter)           Turns: 1838, Time: 00:05:19

Health: -4/29      AC:  2    Str:  6    XL:     5   Next: 40%
Magic:  1/9        EV: 15    Int: 18    God:
Gold:   149        SH:  0    Dex: 15    Spells: 1/9 levels left

rFire   . . .        a - +1 dagger
rCold   . . .        (no shield)
rNeg    . . .        n - +0 robe
rPois   .            (no helmet)
rElec   .            (no cloak)
rCorr   .            (no gloves)
SInv    .            (no boots)
Will    .....        (no amulet)
Stlth   ++++         (no ring)
HPRegen 0.24/turn    (no ring)
MPRegen 0.11/turn

%: no passive effects
@: no status effects
A: small, no large weapons, nightstalker 3
a: no special abilities


You were on level 2 of the Dungeon.
You visited 1 branch of the dungeon, and saw 4 of its levels.

You collected 149 gold pieces.

Inventory:

Hand Weapons
 a - a +1 dagger (weapon)
 b - a +0 sling
Missiles
 d - 6 poisoned darts (quivered)
Armour
 k - a +0 ring mail
 n - a +0 robe (worn)
Wands
 j - a wand of flame (15)
Scrolls
 g - a scroll of identify {unknown}
 i - a scroll of blinking {unknown}
 m - 2 scrolls of poison {unknown}
 o - 2 scrolls of teleportation {unknown}
Potions
 c - 2 potions of invisibility
 e - a potion of heal wounds {unknown}
 f - 3 potions of curing {unknown}
 h - a potion of magic {unknown}
 l - 2 potions of attraction {unknown}


   Skills:
 + Level 1.0 Fighting
 + Level 3.8 Short Blades
 - Level 3.0 Dodging
 - Level 4.0 Stealth
 + Level 2.8 Spellcasting
 * Level 0.2 Conjurations
 + Level 3.8 Hexes
 - Level 1.0 Ice Magic


You had one spell level left.
You knew the following spells:

 Your Spells              Type           Power      Damage    Failure   Level
a - Ensorcelled Hibernat  Hex/Ice        22%        N/A       10%         2
b - Confusing Touch       Hex            16%        N/A       10%         3
c - Dazzling Flash        Conj/Hex       20%        N/A       22%         3

Your spell library contained the following spells:

 Spells                   Type           Power      Damage    Failure   Level
 Tukima's Dance           Hex            16%        N/A       10%         3


Dungeon Overview and Level Annotations

Branches:
Dungeon (4/15)
 Temple: D:4-7

Altars:


Innate Abilities, Weirdness & Mutations

You are small and have problems with some larger weapons.
You are completely attuned to the shadows.


Message History

Unknown command.
Casting: Ensorcelled Hibernation (safe; 10% risk of failure)
Confirm with . or Enter, or press ? or * to list all spells.
Aiming: Ensorcelled Hibernation (safe; 10% risk of failure)
Press: ? - help, Shift-Dir - straight line, f/p - gnoll
Aim: a gnoll, wielding a +1 whip of electrocution (chance to affect: 53%)
The gnoll resists with significant effort.
Casting: Ensorcelled Hibernation (safe; 10% risk of failure)
Confirm with . or Enter, or press ? or * to list all spells.
Aiming: Ensorcelled Hibernation (safe; 10% risk of failure)
Press: ? - help, Shift-Dir - straight line, f/p - gnoll
Aim: a gnoll, wielding a +1 whip of electrocution (chance to affect: 53%)
The gnoll looks drowsy...
The helpless gnoll fails to defend itself.
You impale the gnoll!!
You kill the gnoll!
Unknown command.
Casting: Ensorcelled Hibernation (safe; 10% risk of failure)
Confirm with . or Enter, or press ? or * to list all spells.
Aiming: Ensorcelled Hibernation (safe; 10% risk of failure)
Press: ? - help, Shift-Dir - straight line, f/p - gnoll
Aim: a gnoll, wielding a +1 whip of electrocution (chance to affect: 53%)
The gnoll resists with significant effort.
The gnoll barely misses you.
The gnoll hits you with a +1 whip of electrocution!
You hit the gnoll but do no damage.
The gnoll hits you from afar with a +0 halberd.
The gnoll barely misses you.
You hit the gnoll.
The gnoll is lightly wounded.
You hit the gnoll.
The gnoll is lightly wounded.
The gnoll hits you from afar with a +0 halberd!
* * * LOW HITPOINT WARNING * * *
The gnoll closely misses you.
You hit the gnoll but do no damage.
The gnoll is lightly wounded.
The gnoll completely misses you.
The gnoll hits you with a +1 whip of electrocution!
You die...

..###...######.#######.#.....##..
..# #...# #.### #.#.....##.. ..#
#...######...#####.#......... ..#
#................#.#.#+#.#..#
.###.#.########..##.#.#.#.#..<..
.......# #.....#.#.#.#..##.
####.### #.....#.#.......+. #.#
####..#.#.###..####. #.#
#.g@..............'. #.#
#g###...#.#...#####. #.# #.#
###..>.......†.. #.# #g#
#.####.####### #####.# #.#
#.####.### ......# #.# #........#
####### #.# ######.#.# #.#
#...#.# #^# #.###.#


You could see 2 gnolls.

Vanquished Creatures
  A hound (D:4)
  A gnoll (D:2)
  6 adders
  2 dart slugs
  6 endoplasms
  5 giant cockroaches
  3 hobgoblins
  2 jackals (D:1)
  5 ball pythons
  4 bats
  2 kobolds
  3 rats
40 creatures vanquished.

Vanquished Creatures (others)
  A hobgoblin (D:3)
1 creature vanquished.

Grand Total: 41 creatures vanquished

Notes
Turn   | Place    | Note
-------+----------+-------------------------------------------
     0 | D:1      | monsoonserge the Kobold Enchanter began the quest for the
                  | Orb.
     0 | D:1      | Reached XP level 1. HP: 10/10 MP: 3/3
   259 | D:1      | Reached XP level 2. HP: 15/15 MP: 5/5
   262 | D:1      | Learned a level 2 spell: Ensorcelled Hibernation
   989 | D:2      | Reached XP level 3. HP: 19/19 MP: 6/6
   994 | D:2      | Learned a level 3 spell: Confusing Touch
  1114 | D:2      | You fall into a shaft and drop 2 floors!
  1142 | D:4      | Reached skill level 1 in Ice Magic
  1188 | D:4      | Reached XP level 4. HP: 24/24 MP: 0/7
  1336 | D:4      | Reached XP level 5. HP: 27/28 MP: 9/9
  1547 | D:2      | Reached skill level 1 in Fighting
  1595 | D:2      | Learned a level 3 spell: Dazzling Flash
  1838 | D:2      | Slain by a gnoll

Illustrated notes

Levels and vault maps discovered:
D:1:      zelgadis_glass_arrival_small, layout_rooms, minmay_crystal_water
D:2:      layout_basic, ebering_dispersal_statue_hall
D:3:      layout_rooms, mainiacjoe_overflow_concentric_impassable,
          ebering_ecumenical_altar_rust, serial_shops, shop,
          nicolae_hexahallways, lemuel_flame_loot_1, uniq_grinder
D:4:      layout_basic, mainiacjoe_overflow_paths

Skill      XL: |  1  2  3  4  5 |
---------------+----------------+-----
Dodging        | 3 |  3.0
Short Blades   | 2 3 |  3.8
Ice Magic      | 1 |  1.0
Fighting       | 1 |  1.0
Stealth        | |  4.0
Spellcasting   | |  2.8
Conjurations   | |  0.2
Hexes          | |  3.8

Action                     |  1- 3 |  4- 6 || total
---------------------------+-------+-------++-------
  Melee: Dagger            |    56 |    37 ||    93
         Punch             |     1 |       ||     1
   Cast: Ensorcelled Hiber |     9 |     9 ||    18
   Stab: Sleeping          |    18 |    10 ||    28
 Armour: Robe              |     4 |     5 ||     9
  Dodge: Dodged            |    43 |    24 ||    67
